 Dungeon Crawl Stone Soup version 0.25-a0-292-gaa31f046c4 (webtiles) character file.

Game seed: 8818251138521205347, levelgen mode: deterministic

576 MoonlitKnight the Spear-Bearer (level 7, -1/55 HPs)
             Began as a Merfolk Gladiator on Dec 15, 2019.
             Was an Initiate of Okawaru.
             Slain by a water moccasin (5 damage)
             ... on level 5 of the Dungeon.
             The game lasted 00:10:52 (4330 turns).

MoonlitKnight the Spear-Bearer (Merfolk Gladiator)  Turns: 4330, Time: 00:10:52

Health: -1/55      AC:  7    Str: 19    XL:     7   Next: 35%
Magic:  7/7        EV: 15    Int:  7    God:    Okawaru [......]
Gold:   359        SH:  0    Dex: 17    Spells: 6/6 levels left

rFire    . . .     SeeInvis .   q - +0 halberd
rCold    . . .     Gourm    .   (shield currently unavailable)
rNeg     . . .     Faith    .   z - +0 ring mail
rPois    .         Spirit   .   c - +0 helmet
rElec    .         Reflect  .   y - +0 cloak
rCorr    .         Harm     .   (no gloves)
MR       .....                  (no boots)
Stlth    +.........             (no amulet)
HPRegen  0.18/turn              t - +4 ring of strength
MPRegen  0.10/turn              (no ring)

@: lethally poisoned (-1 -> -7)
A: change form in water, swift swim, stealthy swim
a: Renounce Religion


You were on level 5 of the Dungeon.
You worshipped Okawaru.
Okawaru was noncommittal.
You were hungry.

You visited 1 branch of the dungeon, and saw 5 of its levels.

You collected 359 gold pieces.

Inventory:

Hand Weapons
 a - a +0 trident
 q - a +0 halberd (weapon)
Missiles
 d - a throwing net (quivered)
Armour
 c - a +0 helmet (worn)
 n - a scarf of cloud immunity
 y - a +0 cloak (worn)
 z - a +0 ring mail (worn)
Jewellery
 t - a +4 ring of strength (left hand)
Wands
 v - a wand of polymorph (8)
Scrolls
 h - 2 scrolls of enchant weapon {unknown}
 i - a scroll of fear {unknown}
 k - 3 scrolls of identify {unknown}
 l - 3 scrolls of remove curse {unknown}
 m - a scroll of magic mapping {unknown}
 o - 2 scrolls of random uselessness {unknown}
 r - a scroll of teleportation {unknown}
 u - 3 scrolls of amnesia {unknown}
 x - a scroll of enchant armour {unknown}
 B - 2 scrolls of fog {unknown}
Potions
 e - 2 potions of flight {unknown}
 g - 3 potions of curing {unknown}
 j - a potion of mutation {unknown}
 p - a potion of heal wounds {unknown}
 s - a potion of lignification {unknown}
 w - a potion of degeneration {unknown}
 A - a potion of resistance {unknown}
Comestibles
 f - 9 rations


   Skills:
 + Level 4.7 Fighting
 * Level 8.9 Polearms
 - Level 2.0 Throwing
 + Level 6.4 Dodging


You had 6 spell levels left.
You didn't know any spells.
Your spell library was empty.

Dungeon Overview and Level Annotations

Branches:
Dungeon (5/15)
 Temple: D:4-7

Altars:
Elyvilon
Okawaru
Qazlal
Trog
The Shining One

Shops:
D:5 (

Annotations:
D:2 Sigmund


Message History

* * * LOW HITPOINT WARNING * * *
You feel sick. The water moccasin bites you.
* * * LOW HITPOINT WARNING * * *
You closely miss the water moccasin.
The water moccasin is severely wounded.
* * * LOW HITPOINT WARNING * * *
You feel sick. The water moccasin bites you.
* * * LOW HITPOINT WARNING * * *
The water moccasin closely misses you.
You miss the water moccasin.
The water moccasin is severely wounded.
* * * LOW HITPOINT WARNING * * *
You feel sick. The water moccasin barely misses you.
* * * LOW HITPOINT WARNING * * *
You feel sick. The water moccasin closely misses you.
* * * LOW HITPOINT WARNING * * *
You feel sick.
* * * LOW HITPOINT WARNING * * *
You feel sick. The water moccasin bites you.
You die...

#J# .##..# #....... #T# ##..##
..#(.# #######. #.# .....
#.##.## #. #.### ..∩. #.##..#
## #...# ... #.##..## ###J# ..
#.##...# #T# #. #.##.#.##
#.##.##.#.####.##.#..#########
#.##........S@........[.......
#.###############[##..###.####
#<# #.###.# #.# ### #.#
#.###.# #.# #..##.# #.#
##.##.# #.# #.##.# #.####.##.#
#....#.##.#


You could see a water moccasin.

Vanquished Creatures
  2 ogres
  A bullfrog skeleton (D:4)
  2 hounds
  A centaur skeleton (D:5)
  An iguana (D:5)
  3 worker ants
  A hound skeleton (D:5)
  A gnoll (D:3)
  8 adders
  A shadow imp (D:5)
  An ooze (D:5)
  3 worms
  3 dart slugs
  3 leopard geckos
  2 orcs
  4 bats
  4 giant cockroaches
  10 goblins
  3 hobgoblins
  11 kobolds
  2 quokkas
  A ball python (D:4)
  6 frilled lizards
  A quokka zombie (D:5)
  8 rats
83 creatures vanquished.

Vanquished Creatures (others)
  A kobold (D:1)
1 creature vanquished.

Grand Total: 84 creatures vanquished

Notes
Turn   | Place    | Note
-------+----------+-------------------------------------------
     0 | D:1      | MoonlitKnight the Merfolk Gladiator began the quest for the
                  | Orb.
     0 | D:1      | Reached XP level 1. HP: 16/16 MP: 1/1
   165 | D:1      | Reached XP level 2. HP: 19/23 MP: 2/2
   327 | D:1      | Reached skill level 5 in Polearms
   800 | D:2      | Reached XP level 3. HP: 28/28 MP: 3/3
  1119 | D:2      | Noticed Sigmund
  1129 | D:2      | Reached XP level 4. HP: 35/35 MP: 4/4
  1302 | D:2      | Reached skill level 6 in Polearms
  1472 | D:2      | Found a faded altar of an unknown god.
  2011 | D:3      | Reached skill level 5 in Dodging
  2197 | D:3      | Reached XP level 5. HP: 41/41 MP: 5/5
  2522 | D:4      | Noticed an ogre
  2522 | D:4      | Noticed an ogre
  2578 | D:3      | Killed an ogre
  2578 | D:3      | Reached skill level 7 in Polearms
  2578 | D:3      | Reached XP level 6. HP: 17/48 MP: 6/6
  2822 | D:4      | Found a bloodstained altar of Trog.
  3181 | D:4      | Reached skill level 8 in Polearms
  3382 | D:4      | Found an iron altar of Okawaru.
  3433 | D:4      | Became a worshipper of Warmaster Okawaru
  3536 | D:5      | Entered Level 5 of the Dungeon
  3588 | D:5      | Noticed a troll
  3882 | D:5      | Reached XP level 7. HP: 48/55 MP: 7/7
  4070 | D:5      | Found a white marble altar of Elyvilon.
  4282 | D:5      | Found a glowing golden altar of the Shining One.
  4282 | D:5      | Found a stormy altar of Qazlal.
  4306 | D:5      | Found Guigaud's Weapon Boutique.
  4330 | D:5      | Slain by a water moccasin

Levels and vault maps discovered:
D:1:      tarquinn_simple_flora_water_a, layout_loops_ring, lemuel_flame_loot_1
D:2:      minmay_spotlight, layout_loops_cross,
          chequers_ecumenical_altar_twisty, uniq_sigmund
D:3:      layout_loops_ring
D:4:      layout_cave_pools, grunt_temple_overflow_bloody_war
D:5:      layout_basic, gammafunk_temple_overflow_statue,
          lemuel_temple_firewalk_b, first_ration, basic_altar, serial_shops,
          shop, due_unseen_surprise

Skill      XL: |  1  2  3  4  5  6 |
---------------+-------------------+-----
Polearms       | 5 6 7 8 |  8.9
Fighting       | 3 4 |  4.7
Dodging        | 5 6 |  6.4
Throwing       | |  2.0

Action                   |  1- 3 |  4- 6 |  7- 9 || total
-------------------------+-------+-------+-------++-------
Melee: Trident           |   100 |    21 |       ||   121
       Halberd           |       |   117 |    47 ||   164
Throw: Throwing net      |       |     2 |       ||     2
 Stab: Sleeping          |     6 |     3 |     1 ||    10
       Held in net/web   |       |     1 |       ||     1
  Eat: Chunk             |     1 |     6 |       ||     7
       Ration            |       |     1 |       ||     1
Armor: Leather armour    |    18 |    17 |     1 ||    36
       Ring mail         |       |       |     7 ||     7
Dodge: Dodged            |    60 |    93 |    44 ||   197

Table legend:
 A = Non-vault XP
 B = Vault XP
 C = Vault XP percentage of total XP
 D = Non-vault monster count
 E = Vault monster count
 F = Vault count percentage of total count
                 A         B        C        D         E       F
            +---------+---------+-------+---------+---------+-------
      Total |     792 |      32 |   3.9 |      79 |       4 |   4.8
            +---------+---------+-------+---------+---------+-------
        D:1 |      24 |       0 |   0.0 |      12 |       0 |   0.0
        D:2 |      66 |      18 |  21.4 |      20 |       3 |  13.0
        D:3 |     185 |      14 |   7.0 |      24 |       1 |   4.0
        D:4 |     260 |       0 |   0.0 |      10 |       0 |   0.0
        D:5 |     257 |       0 |   0.0 |      13 |       0 |   0.0
            +---------+---------+-------+---------+---------+-------
